MID
BOWLING GREEN HOT RODS @ LANSING LUGNUTS
10/15/2045
 
TOP OF THE 1ST
Charleston RiverDogs batting - Pitching for Bowling Green Hot Rods : RHP Jesse Rosa
Pitching: RHP Jesse Rosa
Batting: RHB Bobby Melillo 0-0: Ball
1-0: Swinging Strike
1-1: Called Strike
1-2: Foul Ball, location: 2F
1-2: Strikes out swinging
Batting: LHB Brad Ritter 0-0: Called Strike
0-1: Fly out, F9 (Flyball, 9, EV 88.8 MPH)
Batting: SHB Bobby Reynolds 0-0: Ground out 4-3 (Groundball, 4, EV 101.2 MPH)
Top of the 1st over - 0 runs, 0 hits, 0 errors, 0 left on base; Charleston 0 - Bowling Green 0
BOTTOM OF THE 1ST
Bowling Green Hot Rods batting - Pitching for Charleston RiverDogs : RHP Katsuyoshi Yoshikawa
Pitching: RHP Katsuyoshi Yoshikawa
Batting: SHB Ben Pierce 0-0: Foul Ball, location: 2F
0-1: Ball
1-1: Called Strike
1-2: Ball
2-2: Ball
3-2: Base on Balls
Batting: LHB Jimmy Buscemi 0-0: Ball
1-0: Foul Ball, location: 2F
1-1: Ball
2-1: Fielders Choice at 2nd, 3-6 (Groundball, 34S, EV 80.6 MPH)
Batting: LHB David Seminario 0-0: Ball
1-0: Ball
2-0: Ball
3-0: Base on Balls
Jimmy Buscemi to second
Batting: RHB Kevin Kush 0-0: Swinging Strike
0-1: Ball
1-1: Swinging Strike
1-2: Ground out U3 (Groundball, 34S, EV 68.1 MPH)
Jimmy Buscemi to third
David Seminario to second
Batting: RHB Wing-kit Bu 0-0: Ball
1-0: Swinging Strike
1-1: Foul Ball, location: 2F
1-2: Ball
2-2: DOUBLE (Line Drive, 89XD, EV 99.4 MPH)
Jimmy Buscemi scores
David Seminario scores
Batting: RHB Steve French 0-0: Ball
1-0: Called Strike
1-1: Fly out, F4 (Popup, 34S, EV 76.9 MPH)
Bottom of the 1st over - 2 runs, 1 hit, 0 errors, 1 left on base; Charleston 0 - Bowling Green 2
TOP OF THE 2ND
Charleston RiverDogs batting - Pitching for Bowling Green Hot Rods : RHP Jesse Rosa
Batting: LHB Roald Jacobs 0-0: Called Strike
0-1: Ball
1-1: Ball
2-1: Ball
3-1: Swinging Strike
3-2: SOLO HOME RUN (Line Drive, 9LD, EV 95.6 MPH), Distance : 360 ft
Batting: RHB James Boynton 0-0: Ball
1-0: Ball
2-0: Foul Ball, location: 2F
2-1: Ground out 6-3 (Groundball, 6, EV 85.6 MPH)
Batting: LHB Justin Covington 0-0: Called Strike
0-1: Foul Ball, location: 2F
0-2: SINGLE (Flyball, 89S, EV 90.0 MPH)
Batting: RHB Riley Nasiir 0-0: Called Strike
0-1: Foul Ball, location: 2F
0-2: Ball
1-2: Foul Ball, location: 2F
1-2: Fielders Choice at 2nd, 5-4 (Groundball, 5, EV 83.1 MPH)
Batting: RHB Russ Shambaugh 0-0: DOUBLE (Flyball, 89D, EV 98.8 MPH)
Riley Nasiir to third
Batting: LHB Eddie Ramirez 0-0: Called Strike
0-1: Ball
1-1: Foul Ball, location: 2F
1-2: Foul Ball, location: 2F
1-2: Ball
2-2: Fly out, F2 (Popup, 5SF, EV 76.2 MPH)
Top of the 2nd over - 1 run, 3 hits, 0 errors, 2 left on base; Charleston 1 - Bowling Green 2
BOTTOM OF THE 2ND
Bowling Green Hot Rods batting - Pitching for Charleston RiverDogs : RHP Katsuyoshi Yoshikawa
Batting: RHB Mick Corrigan 0-0: Called Strike
0-1: Foul Ball, location: 2F
0-2: Ball
1-2: Ball
2-2: SINGLE (Groundball, 56D, EV 96.9 MPH)
Batting: RHB Orlando Herrera 0-0: Ball
1-0: Ground out 6-3 (Groundball, 6M, EV 104.4 MPH)
Mick Corrigan to second
Batting: RHB Mark Richert 0-0: Ball
1-0: SINGLE (Groundball, 6MD, EV 95.6 MPH)
Mick Corrigan to third
Batting: SHB Ben Pierce 0-0: Ball
1-0: Called Strike
1-1: Foul Ball, location: 2F
1-2: DOUBLE (Line Drive, 78D, EV 100.0 MPH)
Mick Corrigan scores
Mark Richert to third
Runner from 3rd tries for Home, SAFE, throw by CF to home
Batting: LHB Jimmy Buscemi 0-0: Foul Ball, location: 2F
0-1: Ball
1-1: Ball
2-1: Swinging Strike
2-2: Ground out U3 (Groundball, 3, EV 102.5 MPH)
Ben Pierce to third
Batting: LHB David Seminario 0-0: Foul Ball, location: 2F
0-1: SINGLE (Line Drive, 56D, EV 100.0 MPH)
Ben Pierce scores
Pitching: RHP Cale Morris
Batting: RHB Kevin Kush 0-0: Ball
1-0: Foul Ball, location: 2F
1-1: Foul Ball, location: 2F
1-2: Ball
2-2: Strikes out swinging
Bottom of the 2nd over - 3 runs, 4 hits, 0 errors, 1 left on base; Charleston 1 - Bowling Green 5
TOP OF THE 3RD
Charleston RiverDogs batting - Pitching for Bowling Green Hot Rods : RHP Jesse Rosa
Batting: RHB Bobby Melillo 0-0: Ball
1-0: Foul Ball, location: 2F
1-1: Called Strike
1-2: Fly out, F9 (Flyball, 9, EV 91.9 MPH)
Batting: LHB Brad Ritter 0-0: Called Strike
0-1: Swinging Strike
0-2: Strikes out swinging
Batting: SHB Bobby Reynolds 0-0: Swinging Strike
0-1: Called Strike
0-2: Ball
1-2: Foul Ball, location: 2F
1-2: Ball
2-2: Ball
3-2: Fly out, F9 (Flyball, 89S, EV 90.6 MPH)
Top of the 3rd over - 0 runs, 0 hits, 0 errors, 0 left on base; Charleston 1 - Bowling Green 5
BOTTOM OF THE 3RD
Bowling Green Hot Rods batting - Pitching for Charleston RiverDogs : RHP Cale Morris
Batting: RHB Wing-kit Bu 0-0: Called Strike
0-1: Ball
1-1: Called Strike
1-2: Strikes out swinging
Batting: RHB Steve French 0-0: Called Strike
0-1: Ball
1-1: DOUBLE (Line Drive, 5D, EV 106.9 MPH)
Batting: RHB Mick Corrigan 0-0: Ball
1-0: Ground out 6-3 (Groundball, 56, EV 83.8 MPH)
Batting: RHB Orlando Herrera 0-0: Ball
1-0: Ball
2-0: Called Strike
2-1: Called Strike
2-2: Ball
3-2: Strikes out swinging
Bottom of the 3rd over - 0 runs, 1 hit, 0 errors, 1 left on base; Charleston 1 - Bowling Green 5
TOP OF THE 4TH
Charleston RiverDogs batting - Pitching for Bowling Green Hot Rods : RHP Jesse Rosa
Batting: LHB Roald Jacobs 0-0: Called Strike
0-1: Fly out, F7 (Flyball, 7D, EV 98.8 MPH)
Batting: RHB James Boynton 0-0: Called Strike
0-1: Ball
1-1: Ball
2-1: Ball
3-1: Ground out 6-3 (Groundball, 6, EV 100.6 MPH)
Batting: LHB Justin Covington 0-0: DOUBLE (Line Drive, 7LD, EV 106.9 MPH)
Batting: RHB Riley Nasiir 0-0: Ball
1-0: Called Strike
1-1: Foul Ball, location: 2F
1-2: Hit by Pitch
Batting: RHB Russ Shambaugh 0-0: Ball
1-0: Ball
2-0: Ball
3-0: Called Strike
3-1: Foul Ball, location: 2F
3-2: Foul Ball, location: 2F
3-2: Ground out 5-3 (Groundball, 56, EV 90.6 MPH)
Top of the 4th over - 0 runs, 1 hit, 0 errors, 2 left on base; Charleston 1 - Bowling Green 5
BOTTOM OF THE 4TH
Bowling Green Hot Rods batting - Pitching for Charleston RiverDogs : RHP Cale Morris
Batting: RHB Mark Richert 0-0: Fly out, F9 (Flyball, 9D, EV 80.0 MPH)
Batting: SHB Ben Pierce 0-0: SINGLE (Line Drive, 56, EV 98.8 MPH)
Pitching: RHP Larry McSwain
Batting: LHB Jimmy Buscemi 0-0: Foul Ball, location: 2F
0-1: Foul Ball, location: 2F
0-2: Foul Ball, location: 2F
0-2: 2-RUN HOME RUN (Flyball, 89XD, EV 100.0 MPH), Distance : 417 ft
Batting: LHB David Seminario 0-0: Called Strike
0-1: Ball
1-1: Ball
2-1: Foul Ball, location: 2F
2-2: Foul Ball, location: 2F
2-2: Ball
3-2: SOLO HOME RUN (Flyball, 7D, EV 98.1 MPH), Distance : 376 ft
Batting: RHB Kevin Kush 0-0: Ground out 6-3 (Groundball, 6S, EV 63.1 MPH)
Batting: RHB Wing-kit Bu 0-0: Called Strike
0-1: TRIPLE (Line Drive, 7LD, EV 106.2 MPH)
Batting: RHB Steve French 0-0: Called Strike
0-1: Ball
1-1: Ball
2-1: Ground out 5-3 (Groundball, 56S, EV 83.8 MPH)
Bottom of the 4th over - 3 runs, 4 hits, 0 errors, 1 left on base; Charleston 1 - Bowling Green 8
TOP OF THE 5TH
Charleston RiverDogs batting - Pitching for Bowling Green Hot Rods : RHP Jesse Rosa
Batting: LHB Eddie Ramirez 0-0: Ball
1-0: Ground out 1-3 (Groundball, 34S, EV 70.0 MPH)
Batting: RHB Bobby Melillo 0-0: Called Strike
0-1: Foul Ball, location: 2F
0-2: Foul Ball, location: 2F
0-2: Ball
1-2: Ball
2-2: Strikes out swinging
Batting: LHB Brad Ritter 0-0: Ball
1-0: Called Strike
1-1: Foul Ball, location: 2F
1-2: SINGLE (Groundball, 4MD, EV 108.1 MPH)
Batting: SHB Bobby Reynolds 0-0: Ball
1-0: Called Strike
1-1: Ground out 4-3 (Groundball, 4, EV 108.1 MPH)
Top of the 5th over - 0 runs, 1 hit, 0 errors, 1 left on base; Charleston 1 - Bowling Green 8
BOTTOM OF THE 5TH
Bowling Green Hot Rods batting - Pitching for Charleston RiverDogs : RHP Larry McSwain
Batting: RHB Mick Corrigan 0-0: Swinging Strike
0-1: Ball
1-1: Swinging Strike
1-2: Strikes out looking
Batting: RHB Orlando Herrera 0-0: Ball
1-0: Fly out, F8 (Flyball, 8RD, EV 108.8 MPH)
Batting: RHB Mark Richert 0-0: Swinging Strike
0-1: Swinging Strike
0-2: Ball
1-2: Strikes out swinging
Bottom of the 5th over - 0 runs, 0 hits, 0 errors, 0 left on base; Charleston 1 - Bowling Green 8
TOP OF THE 6TH
Charleston RiverDogs batting - Pitching for Bowling Green Hot Rods : RHP Jesse Rosa
Batting: LHB Roald Jacobs 0-0: Called Strike
0-1: DOUBLE (Line Drive, 9LM, EV 113.1 MPH)
Batting: RHB James Boynton 0-0: Swinging Strike
0-1: Ball
1-1: Ball
2-1: Ball
3-1: Foul Ball, location: 2F
3-2: Base on Balls
Batting: LHB Justin Covington 0-0: Ball
1-0: Ball
2-0: Swinging Strike
2-1: Grounds into double play, 4-6-3 (Groundball, 4, EV 90.0 MPH)
Roald Jacobs to third
Batting: RHB Riley Nasiir 0-0: Called Strike
0-1: Ball
1-1: Swinging Strike
1-2: Ball
2-2: Ball
3-2: Base on Balls
Batting: RHB Russ Shambaugh 0-0: Called Strike
0-1: Ball
1-1: Ball
2-1: Called Strike
2-2: Ball
3-2: Strikes out swinging
Top of the 6th over - 0 runs, 1 hit, 0 errors, 2 left on base; Charleston 1 - Bowling Green 8
BOTTOM OF THE 6TH
Bowling Green Hot Rods batting - Pitching for Charleston RiverDogs : RHP Larry McSwain
Batting: SHB Ben Pierce 0-0: Ball
1-0: Called Strike
1-1: Foul Ball, location: 2F
1-2: Ball
2-2: Strikes out looking
Batting: LHB Jimmy Buscemi 0-0: Called Strike
0-1: Called Strike
0-2: Strikes out swinging
Batting: LHB David Seminario 0-0: Ball
1-0: Foul Ball, location: 2F
1-1: Foul Ball, location: 2F
1-2: Ball
2-2: Ball
3-2: Base on Balls
Batting: RHB Kevin Kush 0-0: Ball
1-0: Ball
2-0: Ball
3-0: Called Strike
3-1: Base on Balls
David Seminario to second
Batting: RHB Wing-kit Bu 0-0: Called Strike
0-1: Ball
1-1: Called Strike
1-2: Ground out 4-3 (Groundball, 4, EV 85.0 MPH)
Bottom of the 6th over - 0 runs, 0 hits, 0 errors, 2 left on base; Charleston 1 - Bowling Green 8
TOP OF THE 7TH
Charleston RiverDogs batting - Pitching for Bowling Green Hot Rods : RHP Jesse Rosa
Pitching: RHP Virgil Laverick
Batting: LHB Eddie Ramirez 0-0: Ball
1-0: Ball
2-0: Called Strike
2-1: Foul Ball, location: 2F
2-2: Foul Ball, location: 2F
2-2: Ball
3-2: Base on Balls
Batting: RHB Bobby Melillo 0-0: Called Strike
0-1: Foul Ball, location: 2F
0-2: Ball
1-2: Strikes out swinging
Batting: LHB Brad Ritter 0-0: Called Strike
Eddie Ramirez steals 2nd base (no throw)
0-1: Called Strike
0-2: Strikes out looking
Batting: SHB Bobby Reynolds 0-0: Ball
Wild Pitch!
Eddie Ramirez to third
1-0: Fly out, F9 (Flyball, 9D, EV 82.5 MPH)
Top of the 7th over - 0 runs, 0 hits, 0 errors, 1 left on base; Charleston 1 - Bowling Green 8
BOTTOM OF THE 7TH
Bowling Green Hot Rods batting - Pitching for Charleston RiverDogs : RHP Larry McSwain
Pitching: RHP Jake Visconti
Batting: RHB Steve French 0-0: Ball
1-0: Ball
2-0: Foul Ball, location: 2F
2-1: Swinging Strike
2-2: Foul Ball, location: 2F
2-2: Strikes out swinging
Batting: RHB Mick Corrigan 0-0: Ball
1-0: Fly out, F6 (Flyball, 56D, EV 90.6 MPH)
Batting: RHB Orlando Herrera 0-0: Fly out, F3 (Line Drive, 3, EV 66.2 MPH)
Bottom of the 7th over - 0 runs, 0 hits, 0 errors, 0 left on base; Charleston 1 - Bowling Green 8
TOP OF THE 8TH
Charleston RiverDogs batting - Pitching for Bowling Green Hot Rods : RHP Virgil Laverick
Batting: LHB Roald Jacobs 0-0: Called Strike
0-1: Ball
1-1: Ball
2-1: Fly out, F9 (Flyball, 9LM, EV 84.4 MPH)
Batting: RHB James Boynton 0-0: Hit by Pitch
Batting: LHB Justin Covington 0-0: Ball
1-0: Ball
2-0: Fly out, F4 (Line Drive, 4, EV 68.1 MPH)
Batting: RHB Riley Nasiir 0-0: Foul Ball, location: 2F
0-1: Ball
1-1: Ball
2-1: Fielders Choice at 2nd, 5-4 (Groundball, 5L, EV 86.9 MPH)
Top of the 8th over - 0 runs, 0 hits, 0 errors, 1 left on base; Charleston 1 - Bowling Green 8
BOTTOM OF THE 8TH
Bowling Green Hot Rods batting - Pitching for Charleston RiverDogs : RHP Jake Visconti
Batting: RHB Mark Richert 0-0: SINGLE (Line Drive, 8RS, EV 106.2 MPH)
Batting: SHB Ben Pierce 0-0: Ball
1-0: Foul Ball, location: 2F
1-1: Fielders Choice at 2nd, 6-4 (Groundball, 6, EV 99.4 MPH)
Batting: LHB Jimmy Buscemi 0-0: Foul Ball, location: 2F
0-1: Foul Ball, location: 2F
0-2: Fly out, F5 (Popup, 5S, EV 86.2 MPH)
Batting: LHB David Seminario 0-0: Ball
1-0: Swinging Strike
1-1: Foul Ball, location: 2F
1-2: Ball
2-2: Strikes out swinging
Bottom of the 8th over - 0 runs, 1 hit, 0 errors, 1 left on base; Charleston 1 - Bowling Green 8
TOP OF THE 9TH
Charleston RiverDogs batting - Pitching for Bowling Green Hot Rods : RHP Virgil Laverick
Batting: RHB Russ Shambaugh 0-0: Foul Ball, location: 2F
0-1: Ball
1-1: Ball
2-1: SINGLE (Groundball, 6MD, EV 101.9 MPH)
Batting: LHB Eddie Ramirez 0-0: Called Strike
0-1: Ball
1-1: Called Strike
1-2: Foul Ball, location: 2F
1-2: Strikes out swinging
Batting: RHB Bobby Melillo 0-0: Swinging Strike
0-1: Ball
1-1: SINGLE (Flyball, 8LS, EV 91.9 MPH)
Russ Shambaugh to second
Batting: LHB Brad Ritter 0-0: SINGLE (Groundball, 6MD, EV 108.1 MPH)
Russ Shambaugh to third
Bobby Melillo to second
Batting: SHB Bobby Reynolds 0-0: Foul Ball, location: 2F
0-1: Ball
1-1: Ball
2-1: Foul Ball, location: 2F
2-2: Foul Ball, location: 2F
2-2: Strikes out looking
Batting: LHB Roald Jacobs 0-0: Called Strike
0-1: Ball
1-1: Foul Ball, location: 2F
1-2: Fly out, F3 (Line Drive, 3, EV 74.4 MPH)
Top of the 9th over - 0 runs, 3 hits, 0 errors, 3 left on base; Charleston 1 - Bowling Green 8
Wednesday, June 22nd , 2022 - OOTP Baseball 23.4 Build 64